 Dungeon Crawl Stone Soup version 0.30-a0-743-gbfdf073431 (webtiles) character file.

Game seed: 8699710514375490196

25539 Leeroy the Carver (level 13, -10/66 HPs)
             Began as a Vine Stalker Warper on Feb 5, 2023.
             Was a Follower of Uskayaw.
             Shot with an arrow by Nessos (17 damage)
             ... on level 2 of the Orcish Mines.
             The game lasted 00:26:22 (14014 turns).

Leeroy the Carver (Vine Stalker Warper)            Turns: 14014, Time: 00:26:23

Health: -10/66     AC:  8    Str:  8    XL:     13   Next: 20%
Magic:  0/30       EV: 14    Int: 13    God:    Uskayaw [*.....]
Gold:   1398       SH:  5    Dex: 20    Spells: 8/36 levels left

rFire   . . .      SeeInvis .    R - +9 long sword of Recklessness {freeze, rC+ rCorr Str-5}
rCold   + . .      Faith    .    (no shield)
rNeg    . . .      Spirit   +    b - +0 troll leather armour
rPois   .          Reflect  +    (no helmet)
rElec   .          Harm     .    F - +0 cloak
rCorr   +          Rampage  .    (no gloves)
Will    ++...                    l - +2 pair of boots
Stlth   +                        W - amulet of reflection
HPRegen 1.91/turn                K - ring of willpower
MPRegen 0.22/turn                M - ring of resist corrosion

@: lethally poisoned (-10 -> -16)
A: fangs 3, regeneration 1, magic shield, antimagic bite, no potion heal 2
a: Renounce Religion, Stomp


You were on level 2 of the Orcish Mines.
You worshipped Uskayaw.
Uskayaw was noncommittal.
You visited 3 branches of the dungeon, and saw 15 of its levels.

You collected 1398 gold pieces.

Inventory:

Hand Weapons
 C - a +0 great sword
 E - a +2 whip of distortion
 Q - a +4 short sword of distortion
 R - the +9 long sword of Recklessness (weapon) {freeze, rC+ rCorr Str-5}
   (You found it on level 7 of the Dungeon)

   Str:       It affects your strength (-5).
   rC:        It protects you from cold.
   rCorr:     It protects you from acid and corrosion.
 X - a +2 long sword
 Z - a +3 falchion of holy wrath
Missiles
 d - 24 boomerangs of dispersal
 k - 5 curare-tipped darts (quivered)
 z - 14 boomerangs
 B - 2 javelins
 P - 4 throwing nets
 S - 19 poisoned darts
Armour
 b - a +0 troll leather armour (worn)
 l - a +2 pair of boots (worn)
 s - the +0 ring mail of Xusiul {rC- Int-4 Slay+5 Stlth+}
   (You found it on level 2 of the Dungeon)

   Int:       It affects your intelligence (-4).
   Slay:      It affects your accuracy & damage with ranged weapons and melee
   (+5).
   rC:        It makes you vulnerable to cold.
   Stlth:     It makes you more stealthy.
 D - the +1 chain mail "Arong" {Harm rPois Str+2}
   (You found it on level 4 of the Dungeon)

   Str:       It affects your strength (+2).
   rPois:     It protects you from poison.
   Harm:      It increases damage dealt and taken.
 F - a +0 cloak (worn)
 H - a +1 scale mail of poison resistance
 J - the +5 ring mail of Light {Will+}
   (You found it on level 5 of the Dungeon)

   Will:      It increases your willpower.
Jewellery
 A - a ring of see invisible
 K - a ring of willpower (left hand)
 M - a ring of resist corrosion (right hand)
 U - a +6 ring of intelligence
 V - a ring of ice
 W - an amulet of reflection (around neck)
Wands
 a - a wand of mindburst (4)
 O - a wand of iceblast (1)
Scrolls
 e - a scroll of silence
 f - 6 scrolls of vulnerability
 j - 3 scrolls of magic mapping
 o - 3 scrolls of enchant armour
 p - 4 scrolls of fear {unknown}
 q - 2 scrolls of amnesia
 t - 3 scrolls of immolation {unknown}
 x - 6 scrolls of fog
 y - 4 scrolls of enchant weapon {unknown}
 G - 3 scrolls of teleportation {unknown}
 N - 2 scrolls of poison {unknown}
 T - 5 scrolls of noise {unknown}
Potions
 g - a potion of berserk rage {unknown}
 i - 11 potions of curing
 m - 2 potions of mutation {unknown}
 n - 2 potions of degeneration {unknown}
 r - 2 potions of resistance {unknown}
 u - 3 potions of flight {unknown}
 v - 3 potions of attraction {unknown}
 w - 6 potions of lignification {unknown}
 I - a potion of haste {unknown}
 L - a potion of cancellation {unknown}
 Y - 3 potions of might {unknown}


   Skills:
 + Level 6.9 Fighting
 - Level 14.0 Long Blades
 - Level 0.8(1.1) Axes
 - Level 0.9(1.2) Polearms
 - Level 0.7(1.0) Staves
 - Level 0.7 Ranged Weapons
 - Level 0.8 Throwing
 - Level 0.7 Armour
 - Level 5.0 Dodging
 - Level 0.8 Shields
 - Level 12.3 Spellcasting
 - Level 1.1 Conjurations
 - Level 1.0 Hexes
 - Level 1.0 Summonings
 - Level 0.9 Necromancy
 - Level 3.0 Translocations
 - Level 0.9 Transmutations
 - Level 0.8 Fire Magic
 - Level 0.9 Ice Magic
 - Level 0.9 Earth Magic
 - Level 0.8 Poison Magic


You had 8 spell levels left.
You knew the following spells:

 Your Spells              Type           Power      Damage    Failure   Level
a - Blink                 Tloc           30%        N/A       5%          2
b - Vhi's Electric Charg  Tloc/Air       22%        N/A       21%         3
c - Manifold Assault      Tloc           15%        N/A       34%         4
d - Tukima's Dance        Hex            10%        N/A       24%         3
e - Passage of Golubria   Tloc           15%        N/A       34%         4
f - Yara's Violent Unrav  Hex/Tmut       5%         3d4       92%         5
g - Frozen Ramparts       Ice            20%        1d4       26%         3
h - Leda's Liquefaction   Hex/Erth       5%         N/A       63%         4

Your spell library contained the following spells:

 Spells                   Type           Power      Damage    Failure   Level
 Lesser Beckoning         Tloc           30%        N/A       5%          2
 Summon Small Mammal      Summ           40%        N/A       8%          1
 Freeze                   Ice            40%        1d6       9%          1
 Teleport Other           Tloc           15%        N/A       11%         3
 Scorch                   Fire           20%        2d6       14%         2
 Portal Projectile        Hex/Tloc       26%        N/A       16%         3
 Call Canine Familiar     Summ           10%        N/A       24%         3
 Hailstorm                Conj/Ice       10%        3d5       24%         3
 Ignite Poison            Fire/Tmut/Pois 10%        N/A       26%         3
 Ice Form                 Ice/Tmut       10%        N/A       63%         4
 Sticky Flame             Conj/Fire      10%        2d3       63%         4
 Simulacrum               Ice/Necr       5%         N/A       100%        6
 Summon Cactus Giant      Summ           5%         N/A       100%        6
 Malign Gateway           Summ/Tloc      6%         N/A       100%        7
 Ignition                 Fire           5%         3d4       100%        8


Dungeon Overview and Level Annotations

Branches:
Dungeon (12/15)            Temple (1/1) D:6            Lair (0/5) D:10
    Orc (2/2) D:11            Elf (0/3) Orc:2

Altars:
Ashenzari
Cheibriados
Dithmenos
Elyvilon
Fedhas
Gozag
Hepliaklqana
Kikubaaqudgha
Makhleb
Nemelex Xobeh
Okawaru
Qazlal
Ru
Sif Muna
Trog
Uskayaw
Vehumet
Wu Jian
Xom
Yredelemnul
Zin
The Shining One

Shops:
Orc:1 :

Annotations:
D:9 exclusion: obsidian statue
D:12 3 runed translucent doors
Orc:2 1 transporter, Nessos


Innate Abilities, Weirdness & Mutations

You have razor-sharp teeth.
Your natural rate of healing is unusually fast.
When hurt, damage is shared between your health and your magic reserves.
Your bite disrupts and absorbs the magic of your enemies.
Potions cannot restore your health.


Message History

You barely miss the orc wizard.
You feel sick. The orc wizard closely misses you.
Nessos shouts, "I'm half human!
Half horse!
And all stone-cold KILLER!"
Nessos mumbles some strange words.
Nessos blinks!
You swap places.
An orc wizard comes into view. It is wielding a +0 dagger.
You feel sick.
Nessos completely misses your butterfly.
Nessos kicks your butterfly.
Your butterfly dies!
Your butterfly disappears in a burst of colours!
The orc wizard points at your butterfly and mumbles some strange words.
Your butterfly resists with significant effort.
You block the orc wizard's attack.
Nessos wields a +3 longbow of flaming.
It bursts into flame!
Nessos shoots an arrow.
The arrow hits you!!
* * * LOW HITPOINT WARNING * * *
The arrow burns you.
You are more poisoned.
* * * LOW HITPOINT WARNING * * *
* * * LOW HITPOINT WARNING * * *
You feel extremely sick.
Nessos unwields a +3 longbow of flaming.
It stops flaming.
Nessos hits your butterfly!
Your butterfly dies!
Your butterfly disappears in a burst of colours!
The orc wizard hits you with a +0 dagger.
Nessos mumbles some strange words.
Nessos blinks!
* * * LOW HITPOINT WARNING * * *
You feel very sick.
The orc wizard hits your butterfly with a +0 dagger.
Your butterfly dies!
Your butterfly disappears in a burst of colours!
Something barely misses your butterfly. Something hits your butterfly.
Your butterfly dies!
Your butterfly disappears in a burst of colours!
Nessos wields a +3 longbow of flaming.
It bursts into flame!
Nessos shoots an arrow.
The arrow hits you!!
You die...

#...#.##..)..# .©
#......#.o#..# #.. #.....
#[o#o.c.# ...# ##..)#
#.[#.o...# #...#...###
#§§#...o...
.#.#...#.....###oo#......#
......©#....b)).b.##......
###.$.###....bo.#bbb##.....
..#####...).c.@###...#
..............## ##b.o..
........).##.## ######
..........#### ##..##
.........## ##....###
#.....)$..# #.......##
#.......### ###........##
#.......#### ##...........#
###..........#
#...........##


You could see Nessos (fast), an orc priest and 2 orc wizards.

Vanquished Creatures
  2 two-headed ogres (D:12)
  3 orc high priests (Orc:2)
  Sonja (Orc:2)
  2 cyclopes
  An orc sorcerer (Orc:1)
  An orc knight (Orc:2)
  2 manticores
  Joseph (D:8)
  2 gargoyles
  An unseen horror (D:11)
  5 kobold demonologists
  2 komodo dragons
  7 trolls
  2 hornets
  10 slime creatures
  4 wraiths
  2 shadows
  A vampire (D:12)
  25 yaks
  3 wyverns
  4 vampire mosquitoes (D:12)
  3 wargs (Orc:1)
  2 two-headed ogre zombies (D:11)
  An acid dragon (D:9)
  2 water moccasins
  15 orc warriors
  2 ice beasts
  3 black bears
  5 ogres
  6 centaurs
  3 phantoms
  5 kobold brigands
  2 gnoll sergeants
  2 bullfrogs
  2 necrophages
  A scorpion (D:4)
  6 wights
  8 killer bees
  6 howler monkeys
  30 orc priests
  3 hounds
  2 jellies
  4 iguanas
  26 orc wizards
  Natasha (thrice) (D:2)
  6 ogre zombies (D:11)
  7 gnolls
  6 adders
  A shadow imp (D:6)
  An ufetubus (D:5)
  3 worms
  3 dart slugs
  57 orcs
  6 bats
  5 endoplasms
  3 giant cockroaches
  3 goblins
  2 hobgoblins
  2 jackals (D:3)
  3 quokkas
  7 ball pythons
  2 goblin skeletons (D:11)
  2 goblin zombies (D:11)
  A hobgoblin skeleton (D:11)
  2 hobgoblin zombies (D:11)
  15 kobolds
  18 orc zombies (D:11)
  5 rats
383 creatures vanquished.

Vanquished Creatures (others)
  25 plants
25 creatures vanquished.

Grand Total: 408 creatures vanquished

Notes
Turn   | Place    | Note
-------+----------+-------------------------------------------
     0 | D:1      | Leeroy the Vine Stalker Warper began the quest for the Orb.
     0 | D:1      | Reached XP level 1. HP: 11/11 MP: 4/4
    26 | D:1      | Reached skill level 2 in Long Blades
   174 | D:1      | Reached XP level 2. HP: 15/15 MP: 6/6
   649 | D:2      | Reached skill level 3 in Long Blades
   649 | D:2      | Reached XP level 3. HP: 10/18 MP: 3/7
   692 | D:2      | Noticed Natasha
   701 | D:2      | Killed Natasha
   711 | D:2      | Gained mutation: Your natural rate of healing is unusually
                  | fast. [Vine Stalker growth]
   711 | D:2      | Reached XP level 4. HP: 22/23 MP: 8/8
   965 | D:2      | Reached skill level 4 in Long Blades
   987 | D:2      | Noticed Natasha
   988 | D:2      | Identified the +0 ring mail of Xusiul {rC- Int-4 Slay+5
                  | Stlth+}
   992 | D:2      | Killed Natasha
  1041 | D:2      | Noticed Natasha
  1046 | D:2      | Killed Natasha
  1047 | D:2      | Reached XP level 5. HP: 26/26 MP: 9/9
  1187 | D:2      | You fall into a shaft and drop 1 floor!
  1414 | D:3      | Reached skill level 5 in Long Blades
  1417 | D:3      | Learned a level 2 spell: Blink
  1421 | D:3      | Learned a level 3 spell: Vhi's Electric Charge
  1995 | D:4      | Identified the +1 chain mail "Arong" {Harm rPois Str+2}
  2017 | D:4      | Noticed a black bear
  2026 | D:4      | Killed a black bear
  2027 | D:4      | Reached XP level 6. HP: 22/30 MP: 6/10
  2035 | D:4      | Reached skill level 6 in Long Blades
  2329 | D:4      | Got the Elucidation of Assistive Fire
  2802 | D:4      | Reached XP level 7. HP: 33/34 MP: 11/11
  3184 | D:5      | Entered Level 5 of the Dungeon
  3276 | D:5      | Reached skill level 7 in Long Blades
  3281 | D:5      | Found a sacrificial altar of Ru.
  3392 | D:5      | Identified the +5 ring mail of Light {Will+}
  3443 | D:5      | Noticed a yak
  3443 | D:5      | Noticed a yak
  3443 | D:5      | Noticed a yak
  3444 | D:5      | Noticed a yak
  3448 | D:5      | Noticed a yak
  3454 | D:5      | Killed a yak
  3455 | D:5      | Reached skill level 8 in Long Blades
  3455 | D:5      | Noticed a yak
  3457 | D:5      | Killed a yak
  3458 | D:5      | Gained mutation: You have razor-sharp teeth. [Vine Stalker
                  | growth]
  3458 | D:5      | Reached XP level 8. HP: 32/38 MP: 6/12
  3461 | D:5      | Killed a yak
  3465 | D:5      | Killed a yak
  3466 | D:5      | Reached skill level 9 in Long Blades
  3469 | D:5      | Killed a yak
  3477 | D:5      | Killed a yak
  3478 | D:5      | Reached skill level 10 in Long Blades
  3561 | D:5      | Reached XP level 9. HP: 32/42 MP: 8/13
  3788 | D:5      | Found an opulent altar of Gozag.
  4135 | D:6      | Reached skill level 11 in Long Blades
  4182 | D:6      | Found a blossoming altar of Fedhas.
  4280 | D:6      | Found a staircase to the Ecumenical Temple.
  4312 | Temple   | Entered the Ecumenical Temple
  4386 | Temple   | Became a worshipper of Uskayaw the Reveller
  4472 | D:6      | Reached * piety under Uskayaw
  4474 | D:6      | Reached ** piety under Uskayaw
  4482 | D:6      | Reached *** piety under Uskayaw
  4885 | D:7      | Reached **** piety under Uskayaw
  4894 | D:7      | Reached ***** piety under Uskayaw
  5165 | D:7      | Reached skill level 12 in Long Blades
  5451 | D:7      | Identified the +9 long sword of Recklessness {freeze, rC+
                  | rCorr Str-5}
  6077 | D:8      | Reached XP level 10. HP: 42/46 MP: 14/14
  6129 | D:8      | Reached skill level 13 in Long Blades
  6445 | D:8      | Noticed Joseph
  6457 | D:8      | Killed Joseph
  6676 | D:8      | Noticed a gargoyle
  6682 | D:8      | Killed a gargoyle
  6683 | D:8      | Reached skill level 14 in Long Blades
  6897 | D:8      | Learned a level 4 spell: Manifold Assault
  7399 | D:9      | Found a stormy altar of Qazlal.
  7641 | D:9      | Noticed an obsidian statue
  7865 | D:9      | Reached XP level 11. HP: 21/50 MP: 9/19
  7866 | D:9      | Reached skill level 1 in Conjurations
  7867 | D:9      | Reached skill level 1 in Summonings
  7869 | D:9      | Reached skill level 1 in Hexes
  8002 | D:9      | Reached skill level 5 in Spellcasting
  8166 | D:9      | Found a hazy altar of Hepliaklqana.
  8167 | D:9      | Found a snail-covered altar of Cheibriados.
  8358 | D:10     | Entered Level 10 of the Dungeon
  8772 | D:10     | Found a staircase to the Lair.
  9218 | D:11     | Found a staircase to the Orcish Mines.
  9270 | D:11     | Reached ****** piety under Uskayaw
  9533 | D:11     | Found a sacrificial altar of Ru.
  9549 | D:11     | Noticed a soul eater
  9654 | D:11     | Noticed a cyclops
  9666 | D:11     | Killed a cyclops
  9801 | D:11     | Noticed a manticore
  9804 | D:11     | Killed a manticore
 10170 | D:10     | Reached skill level 10 in Spellcasting
 10275 | D:11     | Reached XP level 12. HP: 53/54 MP: 27/27
 10567 | D:12     | Noticed a two-headed ogre
 10570 | D:12     | Killed a two-headed ogre
 10572 | D:12     | Noticed a two-headed ogre
 10589 | D:12     | HP: 2/54 [orc priest/divine providence (10)]
 10610 | D:12     | HP: 2/54 [troll (4)]
 10635 | D:12     | Killed a two-headed ogre
 11870 | D:12     | Found a runed translucent gate.
 11870 | D:12     | Found a runed translucent gate.
 11870 | D:12     | Found a runed translucent gate.
 12020 | Orc:1    | Entered Level 1 of the Orcish Mines
 12036 | Orc:1    | Found a burning altar of Makhleb.
 12412 | Orc:1    | Reached skill level 5 in Dodging
 12608 | Orc:1    | Found Lunudil's Book Shop.
 12732 | Orc:1    | Learned a level 3 spell: Tukima's Dance
 12737 | Orc:1    | Learned a level 4 spell: Passage of Golubria
 12743 | Orc:1    | Learned a level 5 spell: Yara's Violent Unravelling
 12747 | Orc:1    | Learned a level 3 spell: Frozen Ramparts
 12752 | Orc:1    | Learned a level 4 spell: Leda's Liquefaction
 12908 | Orc:2    | Entered Level 2 of the Orcish Mines
 12908 | Orc:2    | Found a staircase to the Elven Halls.
 12943 | Orc:2    | Noticed Sonja
 13102 | Orc:2    | Killed Sonja
 13246 | Orc:2    | Reached XP level 13. HP: 63/63 MP: 30/30
 13289 | Orc:2    | Reached skill level 5 in Fighting
 13380 | Orc:2    | Found a transporter.
 13999 | Orc:2    | Noticed Nessos
 14014 | Orc:2    | Shot with an arrow by Nessos

Illustrated notes

Levels and vault maps discovered:
D:1:      spicycebolla_arrival_xxxplode, layout_rooms, serial_forest,
          infiniplex_forest_clump_double, infiniplex_forest_clump_large,
          infiniplex_forest_lined_2, infiniplex_forest_clump_small,
          infiniplex_forest_lined_2, infiniplex_forest_clump_cross,
          infiniplex_forest_end_3
D:2:      layout_basic, nicolae_figureground_sparkle, uniq_natasha
D:3:      kennysheep_big_flooded_room, layout_basic,
          kennysheep_decorative_pillar, skrybe_limestone_x,
          serial_bayou_lagoon_a
D:4:      layout_layer_cave
D:5:      layout_basic, hangedman_feature_mirror
D:6:      layout_basic, fedhas_altar_3, temple_green
D:7:      layout_basic
D:8:      layout_layer_cave, minmay_unpleasant_kobolds, uniq_joseph
D:9:      layout_gridville, grunt_qazlal_clouds,
          mainiacjoe_overflow_divided_tiny, minivault_15,
          minmay_misc_feat_pillars, grunt_ministairs_7
D:10:     layout_basic, david_lair_shrubbed
D:11:     layout_roguey, zombieorc2_lemuel, serial_corexii_hall,
          corexii_hall_statues_l, corexii_hall_statues_deadend,
          corexii_hall_statues_s, chequers_hall_statues_wall_a,
          nicolae_ru_awakened_eye
D:12:     kennysheep_ambush_hall, layout_long_grid,
          ploomutoo_gammafunk_ghost_potion_laboratory
Temple:   mainiacjoe_temple_coin_purse
Orc:1:    layout_caves, serial_shops, shop, basic_altar, abandoned_shop,
          guppyfry_library_mini
Orc:2:    st_orc_mages, layout_diamond_mine, gammafunk_ghost_stat_death,
          special_room, uniq_nessos, uniq_sonja

Skill      XL: |  1  2  3  4  5  6  7  8  9 10 11 12 13 |
---------------+----------------------------------------+-----
Long Blades    | 2 3 4 5 6 8 10 12 14 | 14.0
Spellcasting   | 4 10 12 | 12.3
Conjurations   | 1 |  1.1
Summonings     | 1 |  1.0
Hexes          | 1 |  1.0
Dodging        | 5 |  5.0
Fighting       | 4 6 |  6.9
Axes           | |  0.8
Polearms       | |  0.9
Staves         | |  0.7
Ranged Weapons | |  0.7
Throwing       | |  0.8
Armour         | |  0.7
Shields        | |  0.8
Necromancy     | |  0.9
Translocations | |  3.0
Transmutations | |  0.9
Fire Magic     | |  0.8
Ice Magic      | |  0.9
Earth Magic    | |  0.9
Poison Magic   | |  0.8

Action                     |  1- 3 |  4- 6 |  7- 9 | 10-12 | 13-15 || total
---------------------------+-------+-------+-------+-------+-------++-------
  Melee: Falchion          |    31 |       |       |       |       ||    31
         Bite              |    16 |    33 |    72 |   178 |    21 ||   320
         Short sword       |    36 |   125 |    47 |       |       ||   208
         Great sword       |       |       |   167 |       |       ||   167
         Punch             |       |       |     1 |     5 |       ||     6
         Long sword        |       |       |     8 |   568 |    88 ||   664
  Throw: Boomerang         |       |       |       |     3 |       ||     3
         Dart              |       |       |       |       |     4 ||     4
   Cast: Vhi's Electric Ch |       |       |       |    22 |     7 ||    29
         Blink             |       |       |       |     2 |       ||     2
  Evoke: Wand              |       |       |       |    13 |     4 ||    17
    Use: Potion            |       |       |       |     1 |       ||     1
         Scroll            |       |       |       |    12 |     2 ||    14
   Stab: Sleeping          |       |     1 |       |       |       ||     1
         Paralysed         |       |       |     5 |    57 |     3 ||    65
 Armour: Leather armour    |    16 |    14 |       |       |       ||    30
         Ring mail         |       |    12 |    95 |    98 |       ||   205
         Chain mail        |       |    33 |    39 |       |       ||    72
         Troll leather arm |       |       |       |    74 |    18 ||    92
  Dodge: Dodged            |    35 |    42 |   115 |   263 |    36 ||   491
  Block: Other             |       |       |       |     4 |    14 ||    18

Table legend: (Time is in decaauts)
 A = Elapsed time spent in this place.
 B = Non-inter-level travel time spent in this place.
 C = Inter-level travel time spent in this place.
 D = Time resting spent in this place.
 E = Time spent auto-exploring this place.
 F = Levels seen in this place.
 G = Mean time per level.
                   A        B        C        D        E       F      G
               +--------+--------+--------+--------+--------+-----+--------+
         Total |  13908 |  13344 |    564 |   1772 |   8950 |  15 |  927.2 |
       Dungeon |  12133 |  11660 |    473 |   1297 |   8314 |  12 | 1011.1 |
        Temple |    110 |     95 |     15 |      0 |     75 |   1 |  110.0 |
  Orcish Mines |   1663 |   1587 |     76 |    475 |    561 |   2 |  831.5 |
               +--------+--------+--------+--------+--------+-----+--------+

Top non-repeatable levels by time:
    D:12: 1555 daAuts
    D:11: 1426 daAuts
     D:9: 1346 daAuts
     D:4: 1200 daAuts
     D:8: 1157 daAuts
   Orc:1: 1136 daAuts
     D:7: 1051 daAuts
    D:10: 940 daAuts
     D:5: 900 daAuts
     D:3: 785 daAuts
     D:2: 606 daAuts
     D:6: 583 daAuts
     D:1: 579 daAuts
   Orc:2: 527 daAuts
  Temple: 110 daAuts
